 Dungeon Crawl Stone Soup version 0.18.1-47-g9310371 (webtiles) character file.

53 sarahorange the Conjurer (level 3, 0/14 HPs)
             Began as a Felid Conjurer on June 22, 2016.
             Slain by an orc
             ... wielding a +0 hand axe
              (6 damage)
             ... on level 3 of the Dungeon.
             The game lasted 00:09:00 (1948 turns).

sarahorange the Conjurer (Felid Conjurer)           Turns: 1948, Time: 00:09:01

Health: 0/14       AC:  1    Str:  5    XL:     3   Next: 62%
Magic:  1/7        EV: 18    Int: 16    God:
Gold:   72         SH:  4    Dex: 16    Spells: 2 memorised, 3 levels left
                                        Lives:  0   Deaths: 0

rFire  . . .     SeeInvis +     (weapon unavailable)
rCold  . . .     Gourm    .     (armour unavailable)
rNeg   . . .     Faith    .     (shield unavailable)
rPois  .         Spirit   .     (helmet unavailable)
rElec  .         Dismiss  .     (cloak unavailable)
rCorr  .         Reflect  +     (gloves unavailable)
SustAt .         Harm     .     (boots unavailable)
MR     .....                    o - +4 amulet of reflection
Stlth  +++.......               (no ring)
                                (no ring)

@: quick, not resistant to hostile enchantments, fairly stealthy
A: no armour, no weapons or thrown items, claws 1, fangs 3, see invisible,
carnivore 3, speed 1, shaggy fur 1, slow metabolism 1, sharp paws
a: no special abilities


You were on level 3 of the Dungeon.
You were very full.

You visited 1 branch of the dungeon, and saw 3 of its levels.

You collected 72 gold pieces.

Inventory:

Jewellery
 o - a +4 amulet of reflection (around neck)
Scrolls
 g - a scroll of random uselessness {unknown}
 h - 2 scrolls of recharging {unknown}
 j - a scroll of identify
 l - a scroll of magic mapping {unknown}
 p - a scroll of amnesia {unknown}
 q - a scroll of blinking {unknown}
 r - a scroll of teleportation {unknown}
Potions
 c - a potion of flight {unknown}
 e - a potion of heal wounds {unknown}
 f - a potion of brilliance {unknown}
 i - a potion of degeneration {unknown}
 k - a potion of curing {unknown}
 s - a potion of magic {unknown}
Books
 a - a book of Conjurations

   Spells                             Type                      Level
   a - Magic Dart                     Conjuration                  1
   b - Searing Ray                    Conjuration                  2
   c - Dazzling Spray                 Conjuration/Hexes            3
   d - Fulminant Prism                Conjuration/Hexes            4
   e - Iskenderun's Mystic Blast      Conjuration                  4
   f - Iskenderun's Battlesphere      Conjuration/Charms           5
Comestibles
 b - a meat ration
 d - a beef jerky
 n - a slice of pizza


   Skills:
 + Level 0.2 Fighting
 + Level 3.0 Dodging
 + Level 4.0 Stealth
 + Level 0.2 Unarmed Combat
 + Level 2.1 Spellcasting
 + Level 4.2 Conjurations


You had 3 spell levels left.
You knew the following spells:

 Your Spells              Type           Power        Failure   Level  Hunger
a - Magic Dart            Conj           ###.         4%          1    #......
b - Searing Ray           Conj           ###...       8%          2    ###....


Dungeon Overview and Level Annotations

Branches:
Dungeon (3/15)

Altars:


Innate Abilities, Weirdness & Mutations

You cannot wear armour.
You are incapable of wielding weapons or throwing items.
You have sharp claws.
You have razor-sharp teeth.
You have supernaturally acute eyesight.
You are carnivorous and can eat meat at any time.
You cover ground quickly.
You are covered in fur (AC +1).
You have a slow metabolism.
Your sharp claws are effective at attacking unaware monsters.


Message History

Confirm with . or Enter, or press ? or * to list all spells.
You don't know that spell.
Sorry, you're not good enough to have a special ability.
Casting: Searing Ray
Confirm with . or Enter, or press ? or * to list all spells.
You don't have enough magic to cast that spell.
A kobold comes into view. It is wielding a club.
The orc hits you with a hand axe.
Found a bronze wand.
You barely miss the orc. You block the orc's attack.
The kobold shouts!
You scratch the orc but do no damage. Your bite misses the orc.
You closely miss the orc wizard. The orc wizard barely misses you.
The orc completely misses you.
You barely miss the orc wizard. You block the orc wizard's attack.
The orc hits you with a hand axe. x2
You scratch the orc wizard but do no damage.
The orc wizard barely misses you. You block the orc's attack.
The orc hits you with a hand axe.
You die...

...!...##......
.......#.......
.......#.......
../....#...(...
........K....
........#.8
#)oo......
#<@o# ###.# ...
###.. ..8 #.


You could see an orc wizard, 2 orcs and a kobold.

Vanquished Creatures
  3 adders
  2 giant geckos
  An orc (D:3)
  3 bats
  A giant cockroach (D:1)
  4 hobgoblins
  3 giant newts (D:1)
  2 goblins (D:1)
  3 kobolds
  4 rats
26 creatures vanquished.

Vanquished Creatures (others)
  5 toadstools (D:1)
5 creatures vanquished.

Grand Total: 31 creatures vanquished

Notes
Turn   | Place    | Note
--------------------------------------------------------------
     0 | D:1      | sarahorange the Felid Conjurer began the quest for the Orb.
     0 | D:1      | Reached XP level 1. HP: 7/7 MP: 4/4
   503 | D:1      | Reached XP level 2. HP: 11/11 MP: 6/6
   835 | D:1      | Learned a level 2 spell: Searing Ray
  1472 | D:2      | Reached XP level 3. HP: 14/14 MP: 1/7
  1948 | D:3      | Slain by an orc

Skill      XL: |  1  2  3 |
---------------+----------+-----
Stealth        | 3 4 |  4.0
Conjurations   | 4 |  4.2
Dodging        | 3 |  3.0
Fighting       | |  0.2
Unarmed Combat | |  0.2
Spellcasting   | |  2.1

Action                   || total
-------------------------++-------
Melee: Unarmed           ||    37
 Cast: Magic Dart        ||    18
       Searing Ray       ||     5
  Use: Scroll            ||     1
 Stab: Sleeping          ||    10
  Eat: Chunk             ||     9
Dodge: Dodged            ||    19
Block: Other             ||     8
